 Dungeon Crawl Stone Soup version 0.29-a0-506-ga2e7fffb44 (webtiles) character file.

Game seed: 4767595971779961811

43 jsc111 the Firebug (level 3, -2/26 HPs)
             Began as a Draconian Fire Elementalist on May 28, 2022.
             Succumbed to porpoise's ghost's poison
             ... on level 3 of the Dungeon.
             The game lasted 00:10:37 (1647 turns).

jsc111 the Firebug (Draconian Fire Elementalist)    Turns: 1647, Time: 00:10:38

Health: -2/26      AC:  5    Str: 10    XL:     3   Next: 37%
Magic:  1/6        EV: 12    Int: 17    God:
Gold:   50         SH:  0    Dex: 11    Spells: 5/6 levels left

rFire   . . .      SeeInvis .   (no weapon)
rCold   . . .      Faith    .   (no shield)
rNeg    . . .      Spirit   .   (body armour unavailable)
rPois   .          Reflect  .   (helmet restricted)
rElec   .          Harm     .   (no cloak)
rCorr   .          Rampage  .   (no gloves)
Will    .....                   (no boots)
Stlth   ++........              (no amulet)
HPRegen 0.08/turn               a - ring of flight
MPRegen 0.10/turn               (no ring)

@: lethally poisoned (-2 -> -21), flying
A: AC +5, unfitting armour, cold-blooded
a: no special abilities


You were on level 3 of the Dungeon.
You visited 1 branch of the dungeon, and saw 3 of its levels.

You collected 50 gold pieces.

Inventory:

Jewellery
 a - a ring of flight (left hand)
 f - an amulet of reflection
Potions
 c - a potion of resistance {unknown}
 d - 2 potions of curing {unknown}
 e - 2 potions of haste {unknown}


   Skills:
 + Level 0.2 Fighting
 * Level 1.9 Dodging
 * Level 2.0 Stealth
 + Level 0.2 Unarmed Combat
 * Level 2.4 Spellcasting
 + Level 1.0 Conjurations
 * Level 3.8 Fire Magic


You had 5 spell levels left.
You knew the following spells:

 Your Spells              Type           Power      Damage    Failure   Level
a - Foxfire               Conj/Fire      40%        2x1d6     7%          1

Your spell library contained the following spells:

 Spells                   Type           Power      Damage    Failure   Level
 Scorch                   Fire           30%        2d7       6%          2
 Conjure Flame            Conj/Fire      10%        6-21      21%         3
 Inner Flame              Hex/Fire       8%         N/A       26%         3
 Sublimation of Blood     Necr           2%         N/A       28%         2
 Flame Wave               Conj/Fire      10%        2d5       56%         4
 Petrify                  Tmut/Erth      2%         N/A       88%         4
 Irradiate                Conj/Tmut      1%         3d13      99%         5


Dungeon Overview and Level Annotations

Branches:
Dungeon (3/15)

Altars:

Annotations:
D:3 1 transporter, porpoise's ghost, amateur BaAM


Innate Abilities, Weirdness & Mutations

Your plain brown scales are hard. (AC +5)
You cannot fit into any form of body armour.
You are cold-blooded and may be slowed by cold attacks.


Message History

Porpoise's ghost hits you but does no damage.
You are poisoned.
You feel sick. The quokka barely misses you.
The giant cockroach closely misses you.
The quokka bites you but does no damage.
Casting: Foxfire (safe; 7% risk of failure)
Confirm with . or Enter, or press ? or * to list all spells.
You conjure some foxfire!
You feel sick.
The quokka bites you but does no damage.
The giant cockroach barely misses you.
You barely miss the quokka.
The quokka is almost dead.
You feel sick.
The foxfire hits the quokka.
You kill the quokka!
The foxfire hits porpoise's ghost but does no damage.
The giant cockroach misses you.
Porpoise's ghost hits you but does no damage.
You are more poisoned.
Casting: Foxfire (safe; 7% risk of failure)
Confirm with . or Enter, or press ? or * to list all spells.
You conjure some foxfire!
You feel very sick.
The giant cockroach bites you but does no damage.
Porpoise's ghost hits you.
You are lethally poisoned!
* * * LOW HITPOINT WARNING * * *
You feel extremely sick.
The foxfire hits the giant cockroach but does no damage.
The foxfire hits porpoise's ghost but does no damage.
The giant cockroach barely misses you.
Porpoise's ghost gestures at you while chanting.
You resist with significant effort.
You see here a quokka corpse.
You hit porpoise's ghost but do no damage.
* * * LOW HITPOINT WARNING * * *
You feel very sick. The giant cockroach barely misses you.
The giant cockroach misses you. Porpoise's ghost completely misses you.
You barely miss porpoise's ghost.
You die...

.....# #...##
.......##.#..#+##
.................
.........©.......
.....#########...
....##8.$[).8##..
....#........©#..
....#..#B..#..#...#.##
..#.#.@...#.#.......
#..#..[W©....#..#..#
#..#.#..)..#.#..#..###
#..#..#...#..#........
#..#.........#..#..####.
#..##8.....8##.....§....
#...#########....#§#####
#.......©........#.<....
#.............#...§....


You could see porpoise's ghost and a giant cockroach.

Vanquished Creatures
  An adder (D:2)
  6 ball pythons
  4 endoplasms (D:1)
  5 goblins
  3 hobgoblins (D:1)
  4 quokkas
  2 bats (D:2)
  2 frilled lizards (D:1)
  A kobold (D:1)
  4 rats
32 creatures vanquished.

Vanquished Creatures (others)
  41 foxfires
  2 plants (D:1)
43 creatures vanquished.

Grand Total: 75 creatures vanquished

Notes
Turn   | Place    | Note
-------+----------+-------------------------------------------
     0 | D:1      | jsc111 the Draconian Fire Elementalist began the quest for
                  | the Orb.
     0 | D:1      | Reached XP level 1. HP: 14/14 MP: 3/3
   415 | D:1      | Reached XP level 2. HP: 15/20 MP: 0/5
  1048 | D:2      | Reached XP level 3. HP: 26/26 MP: 3/6
  1112 | D:2      | Found a faded altar of an unknown god.
  1622 | D:3      | Noticed porpoise's ghost (amateur BaAM)
  1623 | D:3      | Found a transporter.
  1633 | D:3      | Found a transporter.
  1647 | D:3      | Succumbed to porpoise's ghost's poison

Illustrated notes

Levels and vault maps discovered:
D:1:      dpeg_arrival_water_fire, layout_loops_corners,
          dreamdust_princess_corridor, minmay_misc_feat_rugged
D:2:      layout_rooms, shapermc_ecumenical_altar_acropolis
D:3:      layout_basic, gammafunk_ghost_arena, minmay_unequal, uniq_ijyb

Skill      XL: |  1  2  3 |
---------------+----------+-----
Stealth        | 2 |  2.0
Fighting       | |  0.2
Dodging        | |  1.9
Unarmed Combat | |  0.2
Spellcasting   | |  2.4
Conjurations   | |  1.0
Fire Magic     | |  3.8

Action                   || total
-------------------------++-------
Melee: Unarmed           ||    98
       Tailslap          ||    10
       Punch             ||     1
 Cast: Foxfire           ||    40
  Use: Potion            ||     2
       Scroll            ||     4
Armor: Skin              ||    36
Dodge: Dodged            ||    83

Table legend: (Time is in decaauts)
 A = Elapsed time spent in this place.
 B = Non-inter-level travel time spent in this place.
 C = Inter-level travel time spent in this place.
 D = Time resting spent in this place.
 E = Time spent auto-exploring this place.
 F = Levels seen in this place.
 G = Mean time per level.
                   A        B        C        D        E       F      G
               +--------+--------+--------+--------+--------+-----+--------+
         Total |   1647 |   1640 |      7 |    463 |      0 |   3 |  549.0 |
       Dungeon |   1647 |   1640 |      7 |    463 |      0 |   3 |  549.0 |
               +--------+--------+--------+--------+--------+-----+--------+

Top non-repeatable levels by time:
     D:1: 1333 daAuts
     D:2: 278 daAuts
     D:3: 35 daAuts
